 Dungeon Crawl Stone Soup version 0.23.2-40-g277498a001 (webtiles) character file.

Game seed: 15773406531596729176

778 Kostasan the Cleaver (level 7, -2/58 HPs)
             Began as a Minotaur Berserker on Sept 28, 2019.
             Was a Priest of Trog.
             Shot with an arrow by a centaur (7 damage)
             ... on level 5 of the Dungeon.
             The game lasted 00:15:10 (3066 turns).

Kostasan the Cleaver (Minotaur Berserker)           Turns: 3066, Time: 00:15:11

Health: -2/58      AC:  8    Str: 22    XL:     7   Next: 54%
Magic:  6/6        EV:  8    Int:  5    God:    Trog [***...]
Gold:   343        SH:  3    Dex: 10    Spells: 6/6 levels left

rFire    . . .     SeeInvis .   w - +0 war axe
rCold    . . .     Gourm    .   a - +0 buckler
rNeg     . . .     Faith    .   l - +0 chain mail
rPois    .         Spirit   .   (helmet restricted)
rElec    .         Reflect  .   (no cloak)
rCorr    .         Harm     .   (no gloves)
MR       .....                  (no boots)
Stlth    ..........             (no amulet)
HPRegen  0.19/turn              (no ring)
MPRegen  0.10/turn              (no ring)

@: berserk cooldown, slowed, very slow
A: retaliatory headbutt, horns 2
a: Berserk, Trog's Hand, Renounce Religion


You were on level 5 of the Dungeon.
You worshipped Trog.
Trog was most pleased with you.
You were not hungry.

You visited 1 branch of the dungeon, and saw 5 of its levels.

You collected 343 gold pieces.

Inventory:

Hand Weapons
 w - a +0 war axe (weapon)
 W - a +0 short sword
Missiles
 e - 70 stones (quivered)
Armour
 a - a +0 buckler (worn)
 l - a +0 chain mail (worn)
Jewellery
 f - an uncursed ring of flight {unknown}
 m - an uncursed ring of wizardry {unknown}
Wands
 o - a wand of clouds (5)
Scrolls
 d - 2 scrolls of teleportation {unknown}
 g - 4 scrolls of remove curse {unknown}
 h - 4 scrolls of identify {unknown}
 k - 2 scrolls of fear {unknown}
 s - a scroll of enchant armour {unknown}
Potions
 b - 2 potions of berserk rage {unknown}
 i - 2 potions of lignification {unknown}
 j - a potion of haste {unknown}
 n - 2 potions of curing {unknown}
 p - 2 potions of mutation {unknown}
 q - a potion of brilliance {unknown}
Comestibles
 c - 8 rations
 r - 4 chunks of flesh


   Skills:
 - Level 3.8 Fighting
 + Level 10.4 Axes
 - Level 2.7 Armour
 - Level 2.4 Dodging


You had 6 spell levels left.
You didn't know any spells.
Your spell library was empty.

Dungeon Overview and Level Annotations

Branches:
Dungeon (5/15)             Temple (0/1) D:4

Altars:
Ashenzari
Trog
Xom
The Shining One


Innate Abilities, Weirdness & Mutations

You reflexively headbutt those who attack you in melee.
You have a pair of horns on your head.


Message History

A centaur comes into view.
Throwing (i - inventory)
e - 71 stones (quivered)
Press: ? - help, Shift-Dir - straight line, f - centaur
Aim: a centaur (hasn't noticed you)
You throw a stone. The centaur shouts!
The stone hits the centaur but does no damage.
The centaur wields a +0 shortbow.
The centaur shoots an arrow.
The arrow hits you!
* * * LOW HITPOINT WARNING * * *
The centaur shoots an arrow.
The arrow hits you.
* * * LOW HITPOINT WARNING * * *
The centaur shoots an arrow.
The arrow hits you but does no damage.
Things that are here:
a +0 shortbow; 12 arrows The centaur shoots an arrow.
The arrow barely misses you.
The centaur shoots an arrow.
The arrow hits you.
* * * LOW HITPOINT WARNING * * *
The centaur shoots an arrow.
The arrow hits you!
You die...

### # ..#
####.## ..####
....:..##......
##@..##
##..<..#
#.#).#.# #..(.#
# #..(.#.#
#..#.#.#
#..c.#.#
.....>#.#
#.##(..#.#


You could see a centaur.

Vanquished Creatures
  Sigmund (D:2)
  A phantom (D:4)
  A centaur (D:5)
  2 orc priests (D:4)
  2 hounds
  An orc wizard (D:4)
  An iguana (D:5)
  Ijyb (D:4)
  Terence (D:2)
  3 worker ants (D:4)
  A hound zombie (D:5)
  Robin (D:2)
  4 adders
  An ooze (D:4)
  2 worms
  6 leopard geckos
  6 orcs
  8 bats
  3 giant cockroaches
  12 goblins
  7 hobgoblins
  A quokka (D:2)
  A ball python (D:3)
  5 frilled lizards
  5 kobolds
  5 rats
82 creatures vanquished.

Notes
Turn   | Place    | Note
-------+----------+-------------------------------------------
     0 | D:1      | Kostasan the Minotaur Berserker began the quest for the
                  | Orb.
     0 | D:1      | Reached XP level 1. HP: 19/19 MP: 0/0
    97 | D:1      | Reached XP level 2. HP: 20/27 MP: 1/1
   380 | D:1      | Found a glowing golden altar of the Shining One.
   726 | D:2      | Reached skill level 4 in Axes
   726 | D:2      | Reached XP level 3. HP: 33/33 MP: 2/2
   762 | D:2      | Reached skill level 5 in Axes
   809 | D:2      | Noticed Robin
   821 | D:2      | Killed Robin
   821 | D:2      | Reached XP level 4. HP: 40/40 MP: 3/3
   821 | D:2      | Reached ** piety under Trog
  1029 | D:2      | Reached skill level 6 in Axes
  1033 | D:2      | Noticed Terence
  1045 | D:2      | Killed Terence
  1244 | D:2      | Found a shimmering altar of Xom.
  1326 | D:2      | Noticed Sigmund
  1345 | D:2      | Killed Sigmund
  1345 | D:2      | Reached skill level 8 in Axes
  1345 | D:2      | Reached XP level 5. HP: 26/46 MP: 4/4
  1345 | D:2      | Reached XP level 6. HP: 30/52 MP: 5/5
  1895 | D:3      | Found a bloodstained altar of Trog.
  2052 | D:3      | Found a shattered altar of Ashenzari.
  2252 | D:4      | Found a staircase to the Ecumenical Temple.
  2409 | D:4      | Reached skill level 9 in Axes
  2411 | D:4      | Reached *** piety under Trog
  2628 | D:4      | Noticed Ijyb
  2646 | D:4      | Killed Ijyb
  2703 | D:4      | Reached XP level 7. HP: 38/58 MP: 6/6
  2953 | D:4      | Reached skill level 10 in Axes
  3038 | D:5      | Entered Level 5 of the Dungeon
  3066 | D:5      | Shot with an arrow by a centaur

Skill      XL: |  1  2  3  4  5  6  7 |
---------------+----------------------+-----
Axes           | 4 5 8 9 10 | 10.4
Fighting       | |  3.8
Armour         | |  2.7
Dodging        | |  2.4

Action                   |  1- 3 |  4- 6 |  7- 9 || total
-------------------------+-------+-------+-------++-------
Melee: Hand axe          |    32 |   139 |     7 ||   178
       Headbutt          |     4 |    22 |     2 ||    28
       War axe           |       |       |    14 ||    14
Throw: Stone             |     6 |    87 |    19 ||   112
Invok: Berserk           |     1 |       |     1 ||     2
  Eat: Chunk             |       |     6 |     3 ||     9
Armor: Scale mail        |     4 |     7 |       ||    11
       Ring mail         |     2 |       |       ||     2
       Chain mail        |       |    50 |     4 ||    54
Dodge: Dodged            |    20 |    34 |     7 ||    61
Block: Buckler           |       |     2 |     2 ||     4
